2876 views
Uploaded 2020-03-01 15:14:38
Game version 1.32.2
5:51 long 3on3 ladder game on (6)ThunderLake_LV
Saved by BEARAND
2876 views
Uploaded 2020-03-01 15:14:38
Game version 1.32.2
5:51 long 3on3 ladder game on (6)ThunderLake_LV


47 units @ 3.3k
/ 0k
50 buildings @ 3.1k
/ 1.1k

| Staff of Teleportation | 1 | 150 |
| Boots of Speed | 1 | 250 |
| total: | 2 | 400g |
| Peasant | 14 | 1050 | / | 0 |
| total: | 14 | 1050g | / | 0w |
| Scout Tower | 16 | 480 | / | 320 |
| Arcane Tower | 1 | 70 | / | 50 |
| Guard Tower | 13 | 910 | / | 650 |
| Altar of Kings | 1 | 180 | / | 50 |
| Farm | 4 | 320 | / | 80 |
| Lumber Mill | 1 | 120 | / | 0 |
| Keep | 1 | 320 | / | 210 |
| total: | 22 | 1100g | / | 450w |
| 0:01 | Peasant |
| 0:02 | Peasant |
| 0:07 | Altar of Kings |
| 0:12 | Peasant |
| 0:18 | Farm |
| 0:20 | Scout Tower |
| 0:21 | Farm |
| 0:30 | Peasant |
| 1:08 | Peasant |
| 1:11 | Lumber Mill |
| 1:12 | Peasant |
| 1:23 | Peasant |
| 1:34 | Peasant |
| 1:51 | Scout Tower |
| 2:07 | Scout Tower |
| 2:08 | Scout Tower |
| 2:10 | Scout Tower |
| 2:11 | Scout Tower |
| 2:11 | Scout Tower |
| 2:16 | Arcane Tower |
| 2:22 | Peasant |
| 2:26 | Blizzard |
| 2:34 | Improved Masonry |
| 2:35 | Guard Tower |
| 2:35 | Guard Tower |
| 2:47 | Guard Tower |
| 3:00 | Peasant |
| 3:00 | Peasant |
| 3:00 | Peasant |
| 3:06 | Guard Tower |
| 3:15 | Guard Tower |
| 3:18 | Scout Tower |
| 3:44 | Scout Tower |
| 3:45 | Scout Tower |
| 3:50 | Guard Tower |
| 3:54 | Scout Tower |
| 3:55 | Scout Tower |
| 4:00 | Peasant |
| 4:01 | Peasant |
| 4:03 | Keep |
| 4:16 | Staff of Teleportation |
| 4:17 | Boots of Speed |
| 4:21 | Guard Tower |
| 4:27 | Scout Tower |
| 4:28 | Scout Tower |
| 4:29 | Scout Tower |
| 4:29 | Scout Tower |
| 4:44 | Farm |
| 4:44 | Farm |
| 4:49 | Guard Tower |
| 4:49 | Guard Tower |
| 5:04 | Guard Tower |
| 5:34 | Brilliance Aura |
| Right click | 328 |
| Select | 105 |
| Build/train/purchase | 44 |
| Select group | 17 |
| Chat | 17 |
| Minimap ping | 10 |
| Use ability | 9 |
| Misc. action | 7 |
| Assign group | 6 |
| Resource trade | 5 |

| Staff of Teleportation | 1 | 150 |
| Boots of Speed | 1 | 250 |
| total: | 2 | 400g |
| Peasant | 16 | 1200 | / | 0 |
| total: | 16 | 1200g | / | 0w |
| Scout Tower | 18 | 540 | / | 360 |
| Arcane Tower | 3 | 210 | / | 150 |
| Guard Tower | 12 | 840 | / | 600 |
| Altar of Kings | 1 | 180 | / | 50 |
| Farm | 3 | 240 | / | 60 |
| Lumber Mill | 1 | 120 | / | 0 |
| Keep | 1 | 320 | / | 210 |
| total: | 23 | 1080g | / | 470w |
| 0:05 | Peasant |
| 0:05 | Peasant |
| 0:07 | Altar of Kings |
| 0:11 | Farm |
| 0:18 | Peasant |
| 0:18 | Peasant |
| 0:31 | Peasant |
| 0:47 | Peasant |
| 0:47 | Peasant |
| 1:03 | Peasant |
| 1:13 | Scout Tower |
| 1:15 | Peasant |
| 1:17 | Farm |
| 1:23 | Lumber Mill |
| 1:31 | Scout Tower |
| 1:32 | Peasant |
| 1:42 | Arcane Tower |
| 1:44 | Scout Tower |
| 1:46 | Scout Tower |
| 1:52 | Peasant |
| 2:01 | Peasant |
| 2:03 | Arcane Tower |
| 2:09 | Scout Tower |
| 2:10 | Guard Tower |
| 2:14 | Blizzard |
| 2:16 | Peasant |
| 2:23 | Improved Masonry |
| 2:29 | Guard Tower |
| 2:33 | Scout Tower |
| 2:37 | Guard Tower |
| 2:51 | Scout Tower |
| 2:53 | Peasant |
| 2:54 | Peasant |
| 2:56 | Farm |
| 3:09 | Guard Tower |
| 3:12 | Scout Tower |
| 3:15 | Peasant |
| 3:20 | Guard Tower |
| 3:21 | Scout Tower |
| 3:36 | Scout Tower |
| 3:49 | Guard Tower |
| 3:52 | Scout Tower |
| 3:57 | Staff of Teleportation |
| 3:57 | Boots of Speed |
| 4:01 | Keep |
| 4:08 | Scout Tower |
| 4:11 | Scout Tower |
| 4:16 | Guard Tower |
| 4:18 | Scout Tower |
| 4:20 | Guard Tower |
| 4:32 | Scout Tower |
| 4:33 | Scout Tower |
| 4:39 | Arcane Tower |
| 4:40 | Guard Tower |
| 4:46 | Guard Tower |
| 5:01 | Guard Tower |
| 5:02 | Scout Tower |
| 5:03 | Scout Tower |
| 5:46 | Guard Tower |
| Right click | 197 |
| Select group | 105 |
| Select | 88 |
| Build/train/purchase | 45 |
| Minimap ping | 15 |
| Chat | 14 |
| Misc. action | 8 |
| Use ability | 5 |
| Assign group | 4 |
| Item give/drop | 1 |
| Esc | 1 |

| Boots of Speed | 1 | 250 |
| total: | 1 | 250g |
| Wisp | 17 | 1020 | / | 0 |
| total: | 17 | 1020g | / | 0w |
| Altar of Elders | 1 | 180 | / | 50 |
| Moon Well | 4 | 720 | / | 160 |
| Tree of Ages | 1 | 320 | / | 180 |
| total: | 5 | 900g | / | 210w |
| 0:02 | Wisp |
| 0:11 | Altar of Elders |
| 0:12 | Wisp |
| 0:20 | Moon Well |
| 0:21 | Wisp |
| 0:27 | Wisp |
| 0:29 | Wisp |
| 0:56 | Wisp |
| 1:14 | Wisp |
| 1:18 | Moon Well |
| 1:19 | Wisp |
| 1:30 | Wisp |
| 1:42 | Wisp |
| 2:11 | Shadow Strike |
| 2:16 | Wisp |
| 2:16 | Wisp |
| 2:58 | Wisp |
| 2:58 | Wisp |
| 3:00 | Wisp |
| 3:16 | Wisp |
| 3:56 | Wisp |
| 4:27 | Tree of Ages |
| 5:03 | Moon Well |
| 5:09 | Moon Well |
| 5:35 | Boots of Speed |
| Assign group | 329 |
| Right click | 270 |
| Chat | 77 |
| Resource trade | 76 |
| Select group | 63 |
| Select | 40 |
| Build/train/purchase | 24 |
| Use ability | 6 |
| Item give/drop | 1 |
| Minimap ping | 1 |
/ 0.1k
24 buildings @ 3.5k
/ 0.9k

| Peon | 9 | 675 | / | 0 |
| Grunt | 4 | 800 | / | 0 |
| total: | 13 | 1475g | / | 0w |
| Watch Tower | 1 | 110 | / | 80 |
| Altar of Storms | 1 | 180 | / | 50 |
| Orc Burrow | 3 | 480 | / | 120 |
| Barracks | 2 | 360 | / | 100 |
| War Mill | 1 | 205 | / | 0 |
| Voodoo Lounge | 1 | 130 | / | 30 |
| total: | 9 | 1465g | / | 380w |
| 0:03 | Peon |
| 0:03 | Peon |
| 0:11 | Altar of Storms |
| 0:14 | Orc Burrow |
| 0:26 | Peon |
| 0:42 | Barracks |
| 0:48 | Peon |
| 0:56 | Peon |
| 1:41 | Peon |
| 1:45 | War Mill |
| 1:47 | Peon |
| 1:59 | Grunt |
| 2:21 | Orc Burrow |
| 2:31 | Wind Walk |
| 3:07 | Voodoo Lounge |
| 3:15 | Grunt |
| 3:35 | Orc Burrow |
| 3:52 | Grunt |
| 4:40 | Grunt |
| 4:50 | Watch Tower |
| 5:04 | Peon |
| 5:04 | Peon |
| 5:09 | Barracks |
| Right click | 173 |
| Select | 61 |
| Build/train/purchase | 17 |
| Chat | 7 |
| Minimap ping | 2 |
| Remove unit | 1 |

| Peasant | 14 | 1050 | / | 0 |
| Footman | 1 | 135 | / | 0 |
| Rifleman | 1 | 205 | / | 30 |
| total: | 16 | 1390g | / | 30w |
| Scout Tower | 1 | 30 | / | 20 |
| Altar of Kings | 1 | 180 | / | 50 |
| Barracks | 1 | 160 | / | 60 |
| Farm | 4 | 320 | / | 80 |
| Blacksmith | 1 | 140 | / | 60 |
| total: | 8 | 830g | / | 270w |
| 0:08 | Altar of Kings |
| 0:12 | Barracks |
| 0:13 | Peasant |
| 0:36 | Farm |
| 0:38 | Farm |
| 0:41 | Peasant |
| 0:53 | Peasant |
| 0:55 | Peasant |
| 1:25 | Blacksmith |
| 1:40 | Farm |
| 1:50 | Peasant |
| 2:13 | Footman |
| 2:16 | Farm |
| 2:26 | Peasant |
| 2:31 | Summon Water Elemental |
| 3:06 | Peasant |
| 3:06 | Peasant |
| 3:09 | Rifleman |
| 4:10 | Peasant |
| 4:10 | Peasant |
| 4:10 | Peasant |
| 4:10 | Peasant |
| 4:26 | Peasant |
| 4:26 | Peasant |
| 5:21 | Scout Tower |
| Right click | 136 |
| Select | 81 |
| Build/train/purchase | 24 |
| Remove unit | 2 |
| Use ability | 1 |

| Peon | 8 | 600 | / | 0 |
| Troll Headhunter | 6 | 840 | / | 120 |
| total: | 14 | 1440g | / | 120w |
| Orc Burrow | 3 | 480 | / | 120 |
| Altar of Storms | 1 | 180 | / | 50 |
| War Mill | 1 | 205 | / | 0 |
| Barracks | 1 | 180 | / | 50 |
| Voodoo Lounge | 1 | 130 | / | 30 |
| Stronghold | 1 | 315 | / | 190 |
| total: | 7 | 1175g | / | 250w |
| 0:02 | Peon |
| 0:03 | Peon |
| 0:03 | Peon |
| 0:20 | Orc Burrow |
| 0:35 | Altar of Storms |
| 0:38 | Peon |
| 0:38 | Peon |
| 0:51 | War Mill |
| 1:06 | Barracks |
| 1:13 | Peon |
| 1:45 | Peon |
| 1:45 | Peon |
| 2:05 | Orc Burrow |
| 2:09 | Troll Headhunter |
| 2:14 | Troll Headhunter |
| 2:27 | Troll Headhunter |
| 2:36 | War Stomp |
| 2:49 | Troll Headhunter |
| 3:15 | Troll Headhunter |
| 3:30 | Voodoo Lounge |
| 3:44 | Troll Headhunter |
| 4:07 | Stronghold |
| 4:41 | Steel Ranged Weapons |
| 4:41 | Steel Armor |
| 4:45 | Orc Burrow |
| Right click | 121 |
| Select | 46 |
| Select group | 36 |
| Misc. action | 23 |
| Build/train/purchase | 22 |
| Chat | 13 |
| Assign group | 4 |
| Minimap ping | 3 |
| Use ability | 1 |
⇛